 Dungeon Crawl Stone Soup version 0.28.0-53-g5a82cb258f (webtiles) character file.

Game seed: 14520408227100005946

2380 Erymatos the Cleaver (level 9, 0/118 HPs)
             Began as a Minotaur Berserker on June 8, 2022.
             Was a Believer of Trog.
             Slain by an ancient zyme (10 damage)
             ... on level 6 of the Dungeon.
             The game lasted 00:07:19 (6488 turns).

Erymatos the Cleaver (Minotaur Berserker)           Turns: 6488, Time: 00:07:20

Health: 0/118      AC: 15    Str: 26    XL:     9   Next: 22%
Magic:  8/8        EV: 10    Int:  4    God:    Trog [**....]
Gold:   115        SH:  0    Dex: 10    Spells: 8/8 levels left

rFire   + . .      SeeInvis .   a - +0 hand axe
rCold   . . .      Faith    .   (no shield)
rNeg    . . .      Spirit   .   A - +0 chain mail
rPois   .          Reflect  .   (helmet restricted)
rElec   .          Harm     .   v - +0 cloak
rCorr   .          Rampage  +   (no gloves)
Will    .....                   x - +2 pair of boots {rampage}
Stlth   ..........              (no amulet)
HPRegen 0.00/turn               t - ring of protection from fire
MPRegen 0.11/turn               (no ring)

@: berserking, sick, studying Slings, very quick
A: horns 2, retaliatory headbutt
a: Renounce Religion, Berserk, Trog's Hand


You were on level 6 of the Dungeon.
You worshipped Trog.
Trog was pleased with you.
You visited 1 branch of the dungeon, and saw 6 of its levels.

You collected 302 gold pieces.
You spent 187 gold pieces at shops.

Inventory:

Hand Weapons
 a - a +0 hand axe (weapon)
Missiles
 y - 3 throwing nets (quivered)
Armour
 b - a +0 animal skin
 h - a +0 ring mail
 v - a +0 cloak (worn)
 x - a +2 pair of boots of rampaging (worn)
 A - a +0 chain mail (worn)
Jewellery
 t - a ring of protection from fire (left hand)
Wands
 u - a wand of flame (9)
Scrolls
 e - 2 scrolls of summoning {unknown}
 g - 4 scrolls of teleportation {unknown}
 i - 4 scrolls of identify {unknown}
 k - a scroll of amnesia {unknown}
 l - a scroll of acquirement {unknown}
 q - 2 scrolls of holy word {unknown}
 r - a scroll of magic mapping {unknown}
 s - a scroll of blinking {unknown}
 z - 2 scrolls of noise {unknown}
 B - a scroll of vulnerability {unknown}
Potions
 c - 2 potions of mutation {unknown}
 d - a potion of curing {unknown}
 f - 2 potions of attraction {unknown}
 j - a potion of cancellation {unknown}
 m - a potion of brilliance {unknown}
 n - a potion of ambrosia {unknown}
 o - a potion of might {unknown}
 p - a potion of degeneration {unknown}
 w - 2 potions of flight {unknown}


   Skills:
 + Level 7.2 Fighting
 + Level 10.4 Axes
 + Level 8.1 Armour
 + Level 4.7 Dodging
 + Level 1.4 Stealth


You had 8 spell levels left.
You didn't know any spells.
Your spell library was empty.

Dungeon Overview and Level Annotations

Branches:
Dungeon (6/15)             Temple (0/1) D:4

Altars:
Qazlal

Shops:
D:4 [

Portals:
Abyss: D:6

Annotations:
D:6 1 transporter, Robocop's ghost, novice HOFi


Innate Abilities, Weirdness & Mutations

You have a pair of horns on your head.
You reflexively headbutt those who attack you in melee.


Message History

The gnoll sergeant hits you but does no damage.
The red ugly thing bites you but does no damage.
The small abomination hits you!
Unknown command.
You hit the red ugly thing.
The red ugly thing is severely wounded.
You closely miss the small abomination.
Unknown command.
You completely miss the red ugly thing.
The red ugly thing is severely wounded.
You slash the small abomination!
The small abomination hits you but does no damage.
The gnoll sergeant closely misses you. The red ugly thing bites you.
You are engulfed in flames!
You resist.
* * * LOW HITPOINT WARNING * * *
You slash the red ugly thing! Your punch misses the red ugly thing.
The red ugly thing is almost dead.
You slash the small abomination!
The small abomination hits you but does no damage.
The red ugly thing bites you.
* * * LOW HITPOINT WARNING * * *
You are engulfed in flames!
You resist.
* * * LOW HITPOINT WARNING * * *
The gnoll sergeant hits you from afar with a +1 trident of distortion.
* * * LOW HITPOINT WARNING * * *
Space warps around you.
* * * LOW HITPOINT WARNING * * *
You hit the ancient zyme but do no damage.
You headbutt the ancient zyme!
The ancient zyme is moderately damaged.
You hit the red ugly thing but do no damage.
You hit the small abomination.
You destroy the small abomination!
Trog accepts your kill.
You completely miss the ancient zyme. Your headbutt misses the ancient zyme.
The ancient zyme is moderately damaged.
You slash the red ugly thing!
The ancient zyme hits you but does no damage.
The ancient zyme hits you!
You die...

#.............##...#.....#######.
.........###..##...#.....# ###
##......##x##..#x..##....# ##..
##....##..(#.##[...##...# ###..#
#####..##...###.^##..#...###.....
.# #...##.#......#..##......#>..
.## #....#.##.g..#...x#©.#.......
..# #....#...##ux.###.#....##....
#.# #....##.####@##.###..#..#....
#.###.....###..###.......##.#....
#:........................#......
#..##.....................###....
#.####.#######.##...#.....####...
.............#....###......####..
############.##..## #....#..# ###
# #....## #######.### ##
####..### #...##


You could see a red ugly thing, an ancient zyme, a small abomination and a gnoll
sergeant.

Vanquished Creatures
  A thrashing horror (D:6)
  A troll (D:6)
  Sigmund (D:3)
  A water moccasin (D:5)
  A small abomination (D:6)
  A hornet zombie (D:6)
  A necrophage (D:6)
  An ogre (D:5)
  2 kobold brigands
  2 scorpions
  A water moccasin zombie (D:5)
  A howler monkey (D:4)
  A centaur zombie (D:6)
  2 bullfrog zombies
  3 hounds
  A jelly (D:4)
  2 bullfrog skeletons
  2 orc priests (D:4)
  2 centaur skeletons (D:5)
  An iguana (D:5)
  2 orc wizards
  Robin (D:3)
  2 adders
  A shadow imp (D:5)
  A white imp (D:6)
  4 ufetubi
  4 worms
  2 dart slugs
  5 orcs
  8 bats
  10 endoplasms
  10 goblins
  9 hobgoblins
  2 jackals (D:3)
  11 kobolds
  2 quokkas
  6 ball pythons
  13 frilled lizards
  7 rats
128 creatures vanquished.

Vanquished Creatures (others)
  9 plants (D:5)
9 creatures vanquished.

Grand Total: 137 creatures vanquished

Notes
Turn   | Place    | Note
-------+----------+-------------------------------------------
     0 | D:1      | Erymatos the Minotaur Berserker began the quest for the
                  | Orb.
     0 | D:1      | Reached XP level 1. HP: 19/19 MP: 0/0
   196 | D:1      | Reached XP level 2. HP: 25/27 MP: 1/1
   199 | D:1      | Reached skill level 4 in Axes
   460 | D:1      | Reached XP level 3. HP: 20/33 MP: 2/2
  1360 | D:2      | Found a stormy altar of Qazlal.
  1606 | D:2      | Reached ** piety under Trog
  1727 | D:3      | Reached XP level 4. HP: 35/41 MP: 3/3
  1730 | D:3      | Reached skill level 5 in Axes
  1943 | D:3      | Noticed Sigmund
  1953 | D:3      | Killed Sigmund
  1954 | D:3      | Reached skill level 5 in Fighting
  1954 | D:3      | Reached skill level 6 in Axes
  1954 | D:3      | Reached XP level 5. HP: 33/48 MP: 4/4
  1954 | D:3      | Reached XP level 6. HP: 39/56 MP: 5/5
  2279 | D:3      | Noticed Robin
  2295 | D:3      | Killed Robin
  2714 | D:4      | Found a staircase to the Ecumenical Temple.
  3200 | D:4      | Reached skill level 7 in Axes
  3336 | D:4      | Found Xymokk's Antique Armour Emporium.
  3449 | D:4      | Reached skill level 5 in Armour
  3449 | D:4      | Reached XP level 7. HP: 47/61 MP: 6/6
  3802 | D:5      | Entered Level 5 of the Dungeon
  3835 | D:5      | Reached skill level 1 in Stealth
  4484 | D:5      | Reached skill level 8 in Axes
  4607 | D:5      | Reached XP level 8. HP: 69/69 MP: 7/7
  5260 | D:4      | Bought a pair of embroidered boots for 187 gold pieces
  5584 | D:6      | Noticed a troll
  5596 | D:6      | Killed a troll
  5597 | D:6      | Reached skill level 9 in Axes
  5876 | D:6      | Reached *** piety under Trog
  6153 | D:6      | Noticed a thrashing horror
  6153 | D:6      | Noticed an ancient zyme
  6157 | D:6      | Found a transporter.
  6163 | D:6      | Noticed a red ugly thing
  6172 | D:6      | Found a one-way gate to the infinite horrors of the Abyss.
  6172 | D:6      | Noticed Robocop's ghost (novice HOFi)
  6200 | D:6      | Found a transporter.
  6479 | D:6      | Killed a thrashing horror
  6480 | D:6      | Reached skill level 10 in Axes
  6480 | D:6      | Reached XP level 9. HP: 79/79 MP: 8/8
  6488 | D:6      | Slain by an ancient zyme

Illustrated notes

Levels and vault maps discovered:
D:1:      roderic_octagonal_star, layout_rooms
D:2:      layout_rooms, minmay_hexomino_r4
D:3:      layout_rooms, serial_co_window_serial, co_window_corner_a,
          co_window_of_opportunity_a, co_window_corner_a, co_window_paths_b,
          co_window_of_opportunity_a, co_window_corner_b,
          co_window_of_opportunity_c, co_window_of_opportunity_b,
          co_window_broadway_c, glass_columns_c, uniq_sigmund, uniq_robin
D:4:      layout_loops_cross, minmay_temple_entry_hall, serial_shops,
          nicolae_shop_stone, abandoned_shop
D:5:      minmay_skewed_foursquare, layout_loops_ring, minmay_misc_feat_pillars,
          nrook_pool_corridor, minmay_lizard_king
D:6:      layout_rooms, gammafunk_ghost_abyssal_escape

Skill      XL: |  1  2  3  4  5  6  7  8 |
---------------+-------------------------+-----
Axes           | 4 6 7 8 10 | 10.4
Fighting       | 4 5 7 |  7.2
Armour         | 3 5 6 8 |  8.1
Dodging        | 3 4 |  4.7
Stealth        | 1 |  1.4

Action                   |  1- 3 |  4- 6 |  7- 9 || total
-------------------------+-------+-------+-------++-------
Melee: Hand axe          |   100 |    84 |   153 ||   337
       Headbutt          |    11 |    17 |    32 ||    60
       Punch             |     1 |       |     3 ||     4
Invok: Berserk           |     2 |     4 |     4 ||    10
Armor: Animal skin       |    12 |       |       ||    12
       Ring mail         |    22 |    26 |    66 ||   114
       Chain mail        |       |       |    14 ||    14
Dodge: Dodged            |    52 |    47 |    96 ||   195
